 Dungeon Crawl Stone Soup version 0.28-a0-1190-g77e1c55843 (webtiles) character file.

Game seed: 6528254710887566077

389 enile the Skirmisher (level 6, 0/48 HPs)
             Began as a Demonspawn Wanderer on Dec 18, 2021.
             Was a Follower of Sif Muna.
             Slain by a fire bat (1 damage)
             ... on level 4 of the Dungeon.
             The game lasted 00:12:32 (3558 turns).

enile the Skirmisher (Demonspawn Wanderer)          Turns: 3558, Time: 00:12:32

Health: 0/48       AC:  5    Str: 14    XL:     6   Next: 50%
Magic:  2/9        EV: 10    Int: 16    God:    Sif Muna [*.....]
Gold:   178        SH:  0    Dex: 10    Spells: 5/9 levels left

rFire   + . .      SeeInvis .   a - +3 quarterstaff
rCold   + . .      Faith    .   (shield currently unavailable)
rNeg    . . .      Spirit   .   f - +0 ring mail
rPois   .          Reflect  .   (helmet restricted)
rElec   .          Harm     .   n - scarf {rC+ rF+}
rCorr   .          Rampage  .   (no gloves)
Will    .....                   (no boots)
Stlth   +.........              (no amulet)
HPRegen 0.16/turn               (no ring)
MPRegen 0.22/turn               (no ring)

@: weak-willed, flying, very slightly contaminated
A: horns 1, magic regeneration
a: Renounce Religion, Channel Magic


You were on level 4 of the Dungeon.
You worshipped Sif Muna.
Sif Muna was aware of your devotion.
You visited 1 branch of the dungeon, and saw 4 of its levels.

You collected 202 gold pieces.
You spent 24 gold pieces at shops.

Inventory:

Hand Weapons
 a - a +3 quarterstaff (weapon)
 j - a +0 hand axe of distortion
Missiles
 c - 187 stones (quivered)
Armour
 d - a +0 robe
 e - a +0 chain mail
 f - a +0 ring mail (worn)
 n - a scarf of resistance (worn)
Magical Staves
 p - a staff of death
Wands
 b - a wand of polymorph (3)
Scrolls
 g - 2 scrolls of noise
 l - a scroll of immolation
 o - a scroll of identify


   Skills:
 - Level 4.0 Fighting
 - Level 2.0 Staves
 - Level 1.0 Throwing
 - Level 3.0 Armour
 - Level 1.0 Dodging
 - Level 2.0 Stealth
 - Level 2.0 Spellcasting
 - Level 2.0 Necromancy
 - Level 2.0 Earth Magic
 - Level 2.0 Invocations
 + Level 1.3 Evocations


You had 5 spell levels left.
You knew the following spells:

 Your Spells              Type           Power      Damage    Failure   Level
a - Sandblast             Erth           16%        2d6       19%         1
b - Stone Arrow           Conj/Erth      8%         3d7       63%         3

Your spell library contained the following spells:

 Spells                   Type           Power      Damage    Failure   Level
 Dazzling Flash           Conj/Hex       2%         N/A       77%         3
 Agony                    Necr           8%         N/A       99%         5
 Silence                  Hex/Air        0%         N/A       100%        5


Dungeon Overview and Level Annotations

Branches:
Dungeon (4/15)
 Temple: D:4-7

Altars:
Dithmenos
Ru
Sif Muna

Shops:
D:1 ?


Innate Abilities, Weirdness & Mutations

You have a pair of small horns on your head.
You regenerate magic rapidly.


Message History

Aiming: Sandblast (safe; 19% risk of failure)
Press: ? - help, Shift-Dir - straight line, f/p - fire bat
Aim: a fire bat (66% to hit)
The blast of sand hits the fire bat.
The fire bat is moderately wounded.
c - 187 stones The fire bat bites you but does no damage.
You miss the fire bat.
The fire bat is moderately wounded.
The fire bat bites you.
You are engulfed in flames.
You resist.
Aiming: Polymorph
Press: ? - help, Shift-Dir - straight line, f/p - fire bat
Aim: a fire bat (moderately wounded, will become an acid dragon, a meliai, or a wyvern, chance to affect: 58%)
The fire bat resists with significant effort.
The fire bat closely misses you.
Okay, then.
As you read the scroll labelled WUFUM OBBUWIT, it crumbles to dust.
It is a scroll of enchant weapon.
Your +2 quarterstaff glows red for a moment.
The fire bat bites you.
You are engulfed in flames.
You resist.
* * * LOW HITPOINT WARNING * * *
You barely miss the fire bat. Your headbutt misses the fire bat.
The fire bat is lightly wounded.
The fire bat misses you.
Okay, then.
As you read the scroll labelled YNARUSTRANI, it crumbles to dust.
Magic quickly surges around you.
It was a scroll of vulnerability.
The fire bat closely misses you.
Okay, then.
You feel very buoyant.
You fly up into the air.
The fire bat bites you.
* * * LOW HITPOINT WARNING * * *
You are engulfed in flames.
You resist.
* * * LOW HITPOINT WARNING * * *
The fire bat bites you.
* * * LOW HITPOINT WARNING * * *
You are engulfed in flames.
You resist.
* * * LOW HITPOINT WARNING * * *
The fire bat bites you.
You die...

#._.#....P.#
#...###..### #
#+#######.# .##
#.........# ..
... #####.#####
....#.### #b#
........# #.#
...#.#.#####.#
#......).@b..#
....#.#.#######
.# #.#.# . #.#
.. ..# .# ###
#.


You could see a fire bat (weak-willed).

Vanquished Creatures
  A jelly (D:4)
  A centaur zombie (D:4)
  A centaur skeleton (D:3)
  A bullfrog skeleton (D:4)
  A scorpion zombie (D:4)
  Natasha (thrice) (D:2)
  2 hound skeletons (D:4)
  Robin (D:2)
  2 adders
  2 adder zombies (D:4)
  A worm (D:2)
  6 dart slugs
  4 orcs (D:3)
  2 ball pythons
  5 endoplasms
  2 giant cockroaches (D:1)
  15 goblins
  12 hobgoblins
  4 kobolds
  5 quokkas
  7 bats
  2 frilled lizards
  2 rats
82 creatures vanquished.

Notes
Turn   | Place    | Note
-------+----------+-------------------------------------------
     0 | D:1      | enile the Demonspawn Wanderer began the quest for the Orb.
     0 | D:1      | enile set off with the following items: a +2 quarterstaff,
                  | a wand of polymorph (7), 39 stones, a +0 robe; and the
                  | following spell memorised: Sandblast; and the following
                  | spells available to memorise: Stone Arrow
     0 | D:1      | Reached XP level 1. HP: 13/13 MP: 2/2
    27 | D:1      | Reached skill level 1 in Fighting
   281 | D:1      | Gained mutation: You have a pair of small horns on your
                  | head. [demonic ancestry]
   281 | D:1      | Reached XP level 2. HP: 21/21 MP: 1/3
   591 | D:1      | Found Sian Wan's Magic Scroll Shop.
   599 | D:1      | Bought a scroll of identify for 24 gold pieces
   738 | D:1      | Reached skill level 2 in Fighting
  1049 | D:1      | Reached XP level 3. HP: 27/27 MP: 0/4
  1465 | D:2      | Noticed Natasha
  1473 | D:2      | Killed Natasha
  1511 | D:2      | Noticed Natasha
  1530 | D:2      | Killed Natasha
  1531 | D:2      | Reached XP level 4. HP: 34/34 MP: 7/7
  1565 | D:2      | Noticed Natasha
  1591 | D:2      | Killed Natasha
  1592 | D:2      | Reached skill level 3 in Fighting
  1991 | D:2      | Reached XP level 5. HP: 41/41 MP: 8/8
  2058 | D:2      | Noticed Robin
  2068 | D:2      | Killed Robin
  2550 | D:3      | Found a faded altar of an unknown god.
  2612 | D:3      | Prayed at the altar of an unknown god.
  2612 | D:3      | Became a worshipper of Sif Muna the Loreminder
  2612 | D:3      | Reached * piety under Sif Muna
  2689 | D:3      | Reached skill level 1 in Throwing
  2689 | D:3      | Reached skill level 1 in Invocations
  3179 | D:4      | Gained mutation: You regenerate magic rapidly. [demonic
                  | ancestry]
  3179 | D:4      | Reached XP level 6. HP: 40/48 MP: 9/9
  3425 | D:4      | Reached skill level 4 in Fighting
  3434 | D:4      | Found a sacrificial altar of Ru.
  3434 | D:4      | Found a shadowy altar of Dithmenos.
  3491 | D:4      | Reached skill level 1 in Necromancy
  3511 | D:4      | Learned a level 3 spell: Stone Arrow
  3538 | D:4      | Noticed a water moccasin
  3544 | D:4      | Noticed a fire bat
  3544 | D:4      | a water moccasin changed into a fire bat
  3556 | D:4      | HP: 1/48 [fire bat (4)]
  3558 | D:4      | Slain by a fire bat

Illustrated notes

Levels and vault maps discovered:
D:1:      dpeg_arrival_arbitrary_c, layout_basic, serial_shops,
          nicolae_shop_statue_plus, minmay_pentomino_x4
D:2:      layout_rooms, uniq_robin, uniq_natasha
D:3:      layout_basic, hellmonk_ecumenical_altar_zigzags
D:4:      layout_loops_corners, mainiacjoe_overflow_divided_tiny, serial_undead,
          serial_undead_d, serial_undead_c, serial_undead_e, serial_undead_f,
          grunt_ministairs_15, minivault_11

Skill      XL: |  1  2  3  4  5  6 |
---------------+-------------------+-----
Fighting       | 1 2 3 4 |  4.0
Staves         | 2 |  2.0
Earth Magic    | 2 |  2.0
Armour         | 2 3 |  3.0
Spellcasting   | 2 |  2.0
Stealth        | 2 |  2.0
Throwing       | 1 |  1.0
Invocations    | 2 |  2.0
Necromancy     | 2 |  2.0
Dodging        | |  1.0
Evocations     | |  1.3

Action                   |  1- 3 |  4- 6 || total
-------------------------+-------+-------++-------
Melee: Quarterstaff      |    52 |   146 ||   198
       Headbutt          |     4 |    21 ||    25
Throw: Stone             |     6 |     7 ||    13
 Cast: Sandblast         |     9 |     6 ||    15
       Stone Arrow       |       |     1 ||     1
Evoke: Wand              |     1 |     3 ||     4
  Use: Scroll            |     5 |     3 ||     8
       Potion            |     1 |     2 ||     3
Armor: Robe              |     1 |       ||     1
       Ring mail         |    18 |     5 ||    23
       Chain mail        |       |    96 ||    96
Dodge: Dodged            |    28 |    46 ||    74

Table legend: (Time is in decaauts)
 A = Elapsed time spent in this place.
 B = Non-inter-level travel time spent in this place.
 C = Inter-level travel time spent in this place.
 D = Time resting spent in this place.
 E = Time spent auto-exploring this place.
 F = Levels seen in this place.
 G = Mean time per level.
                   A        B        C        D        E       F      G
               +--------+--------+--------+--------+--------+-----+--------+
         Total |   3605 |   3532 |     73 |      0 |   2775 |   4 |  901.2 |
       Dungeon |   3605 |   3532 |     73 |      0 |   2775 |   4 |  901.2 |
               +--------+--------+--------+--------+--------+-----+--------+

Top non-repeatable levels by time:
     D:1: 1434 daAuts
     D:2: 965 daAuts
     D:3: 796 daAuts
     D:4: 410 daAuts
